 Dungeon Crawl Stone Soup version 0.20-a0-4-gd166d5d (webtiles) character file.

137 JeffiDaFish the Skirmisher (level 5, -3/33 HPs)
             Began as a Gargoyle Fighter on Oct 31, 2016.
             Slain by ninjaorigami's ghost (5 damage)
             ... on level 3 of the Dungeon.
             The game lasted 00:04:25 (2416 turns).

JeffiDaFish the Skirmisher (Gargoyle Fighter)       Turns: 2416, Time: 00:04:26

Health: -3/33      AC: 11    Str: 21    XL:     5   Next: 20%
Magic:  5/5        EV:  8    Int:  8    God:
Gold:   69         SH:  9    Dex:  9    Spells: 0 memorised, 4 levels left

rFire  . . .     SeeInvis .     a - +0 rapier
rCold  . . .     Gourm    .     b - +0 scale mail
rNeg   + . .     Faith    .     c - +0 shield
rPois  ∞         Spirit   .     (no helmet)
rElec  +         Reflect  .     (no cloak)
rCorr  .         Harm     .     (no gloves)
MR     .....                    (no boots)
Stlth  ..........               e - amulet of inaccuracy (curse)
                                (no ring)
                                (no ring)

@: no status effects
A: negative energy resistance 1, electricity resistance, unbreathing,
petrification resistance, rot immunity, AC +4
a: no special abilities


You were on level 3 of the Dungeon.
You were not hungry.

You visited 1 branch of the dungeon, and saw 3 of its levels.

You collected 69 gold pieces.

Inventory:

Hand Weapons
 a - a +0 rapier (weapon)
Armour
 b - a +0 scale mail (worn)
 c - a +0 shield (worn)
Jewellery
 e - a cursed amulet of inaccuracy (around neck)
 j - an uncursed amulet of guardian spirit
Scrolls
 g - a scroll of identify
Potions
 d - a potion of might
Comestibles
 f - a bread ration
 h - a beef jerky
 i - 2 fruits


   Skills:
 + Level 4.0 Fighting
 + Level 3.1 Short Blades
 + Level 3.7 Armour
 + Level 1.2 Dodging
 + Level 0.2 Stealth
 + Level 4.0 Shields


You had 4 spell levels left.
You didn't know any spells.

Dungeon Overview and Level Annotations

Branches:
Dungeon (3/15)

Altars:

Annotations:
D:3 ninjaorigami's ghost, amateur DsFi


Innate Abilities, Weirdness & Mutations

You are resistant to torment.
Your stone body is resilient. (AC +4)
You are immune to poison.
You resist negative energy. (rN+)
You are resistant to electric shocks. (rElec)
You can survive without breathing.
You are immune to petrification.
You are immune to rotting.


Message History

Ninjaorigami's ghost is moderately damaged.
Ninjaorigami's ghost hits you.
* * * LOW HITPOINT WARNING * * *
You are too injured to fight recklessly!
You are too injured to fight recklessly!
You hit ninjaorigami's ghost.
Ninjaorigami's ghost is moderately damaged.
You block ninjaorigami's ghost's attack.
Your shield and scale mail prevent you from hitting ninjaorigami's ghost.
Ninjaorigami's ghost is moderately damaged.
You block ninjaorigami's ghost's attack.
You hit ninjaorigami's ghost.
Ninjaorigami's ghost is moderately damaged.
Ninjaorigami's ghost barely misses you.
You miss ninjaorigami's ghost.
Ninjaorigami's ghost is moderately damaged.
Ninjaorigami's ghost hits you.
* * * LOW HITPOINT WARNING * * *
Ninjaorigami's ghost hits you.
You die...

#.# #.#
#.## #..#
##.# #.#
#.# #.##
#@$#
#.....W.#
#...8...#
....8.8..#
...8._.8.#
#...8?8..#
#....8...#
#.(......#


You could see ninjaorigami's ghost.

Vanquished Creatures
  A jelly (D:3)
  Natasha (twice) (D:3)
  An adder (D:3)
  4 orcs (D:3)
  A ball python (D:1)
  6 bats
  4 giant cockroaches
  5 goblins
  4 hobgoblins
  A quokka (D:2)
  3 frilled lizards (D:1)
  7 kobolds
  5 rats
44 creatures vanquished.

Notes
Turn   | Place    | Note
-------+----------+-------------------------------------------
     0 | D:1      | JeffiDaFish the Gargoyle Fighter began the quest for the Orb.
     0 | D:1      | Reached XP level 1. HP: 14/14 MP: 1/1
   240 | D:1      | Reached XP level 2. HP: 19/19 MP: 2/2
  1331 | D:2      | Reached XP level 3. HP: 21/24 MP: 3/3
  1819 | D:3      | Reached skill level 1 in Dodging
  1819 | D:3      | Reached XP level 4. HP: 20/29 MP: 2/4
  2002 | D:3      | Noticed Natasha
  2014 | D:3      | Killed Natasha
  2021 | D:3      | Noticed Natasha
  2051 | D:3      | Killed Natasha
  2051 | D:3      | Reached XP level 5. HP: 5/33 MP: 3/5
  2371 | D:3      | Found a faded altar of an unknown god.
  2372 | D:3      | Noticed ninjaorigami's ghost (amateur DsFi)
  2416 | D:3      | Slain by ninjaorigami's ghost

Vault maps used:
D:1:      kilobyte_arrival_exit_the_forest, hangedman_decor_opposing,
          minmay_splitting_lines
D:3:      lemuel_coloured_pillars_altar, ecumenical_altar_2,
          lightli_corner_chamber, uniq_jessica, uniq_natasha

Skill      XL: |  1  2  3  4 |
---------------+-------------+-----
Short Blades   | 2 3 |  3.1
Dodging        | 1 |  1.2
Shields        | 4 |  4.0
Fighting       | 4 |  4.0
Armour         | |  3.7
Stealth        | |  0.2

Action                   |  1- 3 |  4- 6 || total
-------------------------+-------+-------++-------
Melee: Rapier            |   110 |    89 ||   199
  Use: Scroll            |     4 |     2 ||     6
       Potion            |     5 |     1 ||     6
  Eat: Chunk             |     3 |     2 ||     5
Armor: Scale mail        |    70 |    19 ||    89
Dodge: Dodged            |    41 |    23 ||    64
Block: Shield            |    55 |    38 ||    93
